Map: Overgrown Facility

Players

Arcticfox

  • Race: Zerg Zerg
  • League: Platinum
  • Spawn Location: 9:00

KurtRockman

  • Race: Protoss Protoss
  • Spawn Location: 7:00

OpuS - Winner!

  • Race: Protoss Protoss
  • League: Platinum
  • Spawn Location: 1:00

Sketchaphone - Winner!

  • Race: Zerg Zerg
  • League: Platinum
  • Spawn Location: 3:00

VOD

Have the link to the VOD?

Description

Time

  • Played on: Feb. 21, 2019, 9:41 p.m.
  • Length: 9:43
Show
View Real Time Build Order
Export as new Build Order

Arcticfox Zerg 

Build Orders: Hatch First 

Get SALT Encoding   

  12  0:01  Drone  
  13  0:12  Overlord  
  13  0:18  Drone  
  14  0:31  Drone x2  
  16  0:37  Drone  
  17  0:55  Hatchery  
  16  0:58  Drone  
  16  1:01  Drone  
  18  1:12  Extractor  
  18  1:16  Spawning Pool  
  16  1:20  Drone  
  16  1:23  Drone  
  19  1:32  Drone  
  19  1:39  Overlord  
  19  1:50  Drone  
  20  2:05  Zergling x2  
  20  2:07  Queen  
  20  2:08  Queen  
  25  2:09  Zergling x2  
  25  2:11  Drone  
  27  2:19  Drone  
  27  2:20  Metabolic Boost  
  28  2:46  Overlord  
  28  2:50  Drone x3, Hatchery  
  30  2:58  Drone x3  
  33  3:06  Drone  
  34  3:13  Drone  
  34  3:14  Drone  
  34  3:16  Queen  
  38  3:21  Queen  
  38  3:27  Zergling x2  
  38  3:28  Zergling x4  
  41  3:35  Zergling x4  
  41  3:36  Overlord  
  43  3:55  Zergling x8  
  46  3:56  Zergling x6  
  50  4:10  Queen  
  50  4:11  Zergling x2  
  50  4:12  Zergling x10  
  58  4:20  Zergling x2  
  57  4:25  Zergling x2  
  57  4:27  Overlord x2  
  58  4:34  Lair  
  57  4:43  Zergling x6  
  55  4:58  Drone x3  
  55  4:59  Drone x6  
  63  5:21  Drone x3  
  64  5:23  Extractor  
  64  5:24  Zergling x2, Extractor  
  64  5:25  Zergling x4  
  64  5:28  Drone x5  
  68  5:29  Overlord x4  
  68  5:34  Drone x2  
  68  5:35  Hydralisk Den, Extractor  
  70  5:40  Drone  
  72  5:42  Drone  
  72  5:44  Drone  
  73  5:52  Overlord x2  
  73  5:55  Overseer  
  73  6:02  Drone x2  
  73  6:03  Drone x2, Extractor x2  
  75  6:05  Drone x2  
  62  6:29  Hydralisk  
  62  6:30  Hydralisk x6  
  76  6:41  Grooved Spines  
  76  6:47  Hydralisk x3  
  76  6:49  Zergling x4  
  76  6:50  Zergling x6  
  76  6:51  Hatchery  
  86  7:13  Evolution Chamber x2  
  82  7:22  Hydralisk x8  
  89  7:52  Muscular Augments  
  89  7:53  Hydralisk x3  
  89  7:57  Hatchery  
  94  8:04  Drone x2  
  94  8:05  Drone  
  97  8:06  Extractor  
  56  8:51  Hatchery  
  56  8:54  Drone x3  
  56  8:55  Drone x3  
Show
View Real Time Build Order
Export as new Build Order

KurtRockman Protoss 

Build Orders:  

Get SALT Encoding   

  12  0:01  Probe  
  13  0:13  Probe  
  14  0:23  Pylon  
  14  0:25  Probe  
  15  0:37  Probe  
  16  0:45  Probe  
  17  0:55  Probe  
  18  1:07  Probe  
  18  1:09  Nexus  
  19  1:15  Probe  
  19  1:23  Probe  
  20  1:29  Gateway  
  21  1:33  Probe  
  21  1:36  Pylon  
  22  1:43  Assimilator  
  22  1:45  Probe  
  23  1:51  Assimilator  
  23  1:57  Probe  
  24  2:10  Probe  
  24  2:11  Zealot  
  25  2:18  Cybernetics Core  
  25  2:22  Probe  
  28  2:32  Probe  
  28  2:34  Probe  
  28  2:37  Gateway  
  30  2:41  Pylon  
  30  2:44  Probe  
  30  2:45  Warp Gate  
  30  2:46  Probe  
  32  3:02  Forge  
  32  3:05  Stalker  
  32  3:11  Pylon  
  34  3:15  Pylon  
  34  3:16  Probe  
  34  3:17  Probe  
  36  3:20  Assimilator  
  36  3:22  Stalker  
  36  3:29  Probe x2  
  40  3:36  Stalker  
  40  3:39  Gateway  
  42  3:52  Shield Battery  
  42  4:06  Stalker, Photon Cannon  
  44  4:12  Pylon  
  44  4:13  Stalker  
  44  4:28  Stalker  
  42  4:33  Protoss Shields Level 1  
  44  4:40  Stalker  
  46  4:52  Probe x2  
  46  4:58  Stalker  
  48  5:04  Probe x2  
  50  5:07  Stalker x2  
  54  5:16  Probe x2  
  56  5:21  Gateway  
  56  5:35  Probe x2  
  58  5:37  Pylon  
  58  5:39  Stalker  
  58  5:40  Stalker x2, Assimilator  
  58  5:42  Pylon  
  64  5:44  Protoss Air Weapons Level 1  
  64  5:47  Probe x2  
  66  5:51  Pylon  
  66  5:55  Pylon  
  66  5:59  Probe  
  66  6:00  Stargate  
  65  6:27  Protoss Ground Armor Level 1  
  65  6:30  Stalker x4  
  71  6:46  Fleet Beacon  
  71  6:49  Pylon  
  71  6:54  Shield Battery  
  71  6:57  Photon Cannon  
  71  7:03  Photon Cannon  
  71  7:12  Shield Battery  
  71  7:15  Photon Cannon  
  71  7:18  Photon Cannon  
  71  7:20  Nexus  
  71  7:38  Stalker  
  71  7:43  Twilight Council  
  73  7:52  Void Ray  
  77  8:06  Pylon  
  77  8:09  Pylon  
  77  8:14  Assimilator  
  77  8:22  Stargate  
  77  8:24  Stargate  
  77  8:28  Carrier  
  77  8:29  Robotics Facility  
  77  8:36  Stalker x2  
  77  8:37  Stalker x2  
  77  8:41  Probe x3  
  94  8:53  Probe  
  67  9:02  Shield Battery  
  67  9:22  Zealot x3  
  67  9:23  Zealot  
Show
View Real Time Build Order
Export as new Build Order

OpuS Protoss - Winner!

Build Orders:  

Get SALT Encoding   

  12  0:01  Probe  
  13  0:13  Probe  
  14  0:24  Pylon  
  14  0:27  Probe  
  15  0:42  Probe  
  16  0:47  Gateway  
  16  0:52  Probe  
  16  0:57  Assimilator  
  17  0:59  Assimilator  
  17  1:00  Probe  
  18  1:12  Probe  
  18  1:14  Gateway  
  19  1:20  Probe  
  20  1:28  Probe  
  21  1:35  Cybernetics Core  
  21  1:41  Pylon  
  21  1:44  Probe  
  22  1:56  Probe  
  23  2:03  Stalker  
  23  2:11  Warp Gate  
  23  2:12  Stalker  
  27  2:18  Probe  
  28  2:32  Pylon  
  28  2:35  Stalker  
  30  2:44  Pylon  
  30  2:45  Stalker  
  32  3:09  Nexus  
  32  3:22  Twilight Council  
  32  3:35  Gateway  
  32  3:40  Gateway  
  32  3:44  Sentry  
  32  3:45  Sentry  
  35  3:56  Probe  
  36  4:12  Charge  
  36  4:21  Stalker  
  36  4:22  Stalker  
  40  4:28  Probe x2  
  42  4:52  Zealot x4  
  44  4:54  Probe x2  
  44  5:06  Probe x2  
  44  5:24  Probe x2, Forge  
  44  5:28  Dark Shrine  
  46  5:35  Stargate  
  46  5:40  Zealot x3  
  46  5:42  Probe  
  53  5:44  Probe  
  53  5:49  Zealot  
  56  5:51  Protoss Ground Weapons Level 1  
  56  6:00  Probe  
  56  6:01  Probe  
  56  6:15  Zealot x4  
  58  6:22  Void Ray  
  62  6:38  Robotics Facility  
  62  6:45  Pylon  
  62  6:47  Pylon  
  62  6:49  Pylon  
  62  6:54  Pylon  
  62  7:03  Probe x2  
  62  7:05  Void Ray  
  68  7:16  Zealot  
  68  7:17  Zealot x3  
  76  7:24  Templar Archives  
  76  7:28  Assimilator  
  76  7:31  Pylon  
  76  7:32  Assimilator  
  76  7:44  Zealot x2  
  76  7:45  Zealot x2  
  84  7:51  Immortal  
  84  8:03  Void Ray  
  88  8:17  Zealot x2  
  88  8:19  Zealot  
  98  8:24  Pylon  
  98  8:39  Immortal  
  102  8:48  Void Ray  
  98  9:13  Probe x2  
  102  9:32  Nexus  
Show
View Real Time Build Order
Export as new Build Order

Sketchaphone Zerg - Winner!

Build Orders: Hatch First 

Get SALT Encoding   

  12  0:02  Drone  
  13  0:12  Overlord  
  13  0:22  Drone  
  13  0:25  Drone, Extractor  
  15  0:32  Drone  
  16  0:36  Drone  
  17  0:57  Hatchery  
  17  1:02  Drone x2  
  18  1:05  Extractor  
  17  1:26  Spawning Pool  
  17  1:29  Drone  
  17  1:31  Drone  
  17  1:32  Drone  
  19  1:41  Overlord  
  19  1:52  Drone  
  20  2:10  Drone x2  
  20  2:12  Queen  
  20  2:13  Queen  
  26  2:18  Metabolic Boost  
  26  2:27  Evolution Chamber, Drone  
  26  2:36  Drone  
  27  2:39  Drone  
  27  2:41  Drone x2  
  27  2:43  Drone  
  31  2:53  Zerg Melee Weapons Level 1  
  31  2:57  Drone  
  32  2:58  Drone  
  32  3:01  Overlord  
  32  3:19  Zergling x2, Hatchery  
  32  3:20  Zergling x2  
  32  3:24  Zergling x4  
  35  3:29  Zergling x4  
  35  3:32  Zergling x2  
  38  3:34  Zergling x2  
  38  3:36  Zergling x2  
  38  3:40  Overlord  
  40  3:43  Zergling x2  
  40  3:45  Zergling x2  
  40  3:48  Zergling x2  
  43  3:56  Zergling x2  
  43  4:00  Overlord  
  43  4:12  Zergling x2  
  44  4:24  Zergling x8  
  41  4:29  Overlord, Zergling x2  
  44  4:34  Zergling x2  
  45  4:42  Zergling x2  
  43  4:47  Baneling Nest  
  38  4:54  Zergling x4  
  38  4:56  Pneumatized Carapace  
  38  4:58  Zerg Ground Armor Level 1  
  40  5:00  Zergling x2  
  40  5:01  Zergling x2  
  40  5:06  Zergling x4  
  40  5:07  Zergling x2  
  45  5:21  Zergling x2  
  46  5:28  Lair  
  45  5:30  Drone x4  
  45  5:31  Drone  
  45  5:32  Extractor  
  49  5:36  Overlord  
  49  5:37  Overlord x2  
  49  5:40  Drone x2  
  51  5:43  Overlord  
  51  5:52  Baneling x3  
  51  5:53  Zergling x10  
  56  6:03  Overlord  
  56  6:07  Zergling x10  
  61  6:16  Zergling x10  
  60  6:43  Drone x3  
  60  6:44  Drone x3  
  66  6:47  Extractor  
  66  6:49  Overlord x2, Drone, Extractor  
  65  6:54  Zerg Melee Weapons Level 2  
  56  7:23  Zergling x22  
  56  7:24  Centrifical Hooks  
  67  7:34  Zergling x10  
  65  7:53  Zergling x2  
  65  7:54  Overlord x2, Zergling x2  
  65  7:55  Zergling x2  
  65  7:56  Drone x2  
  65  7:57  Queen  
  73  7:58  Drone  
  73  8:06  Drone  
  73  8:07  Drone  
  73  8:09  Infestation Pit  
  72  8:18  Baneling x3  
  72  8:19  Baneling x4  
  72  8:20  Baneling  
  72  8:22  Zergling x4  
  72  8:23  Zergling x2  
  73  8:40  Zergling x18  
  82  8:52  Zergling x6  
  81  9:25  Zergling x22  
Tags
 
Add a new tag
Caveats
  • Supply blocks, unpowered buildings, or Contaminate may cause inaccurate times.
  • Supply counts are checked every 10 seconds.